 Dungeon Crawl Stone Soup version 0.17-a0-1617-gfba1302 (webtiles) character file.

198 spinkules the Cleaver (level 5, -3/45 HPs)
             Began as a Hill Orc Berserker on Aug 1, 2015.
             Was a Believer of Trog.
             Killed from afar by a wretched star (11 damage)
             ... with an orb of energy
             ... on level 1 of the Abyss.
             The game lasted 00:10:36 (2803 turns).

spinkules the Cleaver (Hill Orc Berserker)          Turns: 2803, Time: 00:10:36

Health: -3/45      AC: 10    Str: 21    XL:     5   Next: 77%
Magic:  5/5        EV:  8    Int:  7    God:    Trog [**....]
Gold:   232        SH:  0    Dex: 10    Spells: 0 memorised, 4 levels left

rFire  . . .     SeeInvis .     a - +0 hand axe
rCold  . . .     Clarity  .     o - +0 chain mail (curse)
rNeg   . . .     SustAt   .     (no shield)
rPois  .         Gourm    +     p - +1 helmet
rElec  .         Spirit   .     (no cloak)
rCorr  .         Warding  .     (no gloves)
rMut   .         Stasis   .     (no boots)
MR     .....                    m - amulet of the gourmand
Stlth  ..........               (no ring)
                                (no ring)

@: drained, not resistant to hostile enchantments, extremely unstealthy
A: no striking features
a: Burn Spellbooks, Berserk, Trog's Hand, Renounce Religion


You were on level 1 of the Abyss.
You worshipped Trog.
Trog was pleased with you.
You were not hungry.

You visited 1 branch of the dungeon, and saw 3 of its levels.
You visited the Abyss 1 time.

You collected 232 gold pieces.

Inventory:

Hand weapons
 a - a +0 hand axe (weapon)
Armour
 b - a +0 animal skin
 o - a cursed +0 chain mail (worn)
 p - a +1 helmet (worn)
Jewellery
 m - an amulet of the gourmand (around neck)
Scrolls
 f - a scroll of remove curse {unknown}
 g - a scroll of recharging {unknown}
 h - 7 scrolls of identify {unknown}
 i - a scroll of enchant weapon {unknown}
 j - 2 scrolls of enchant armour {unknown}
 k - a scroll of magic mapping {unknown}
 l - a scroll of immolation {unknown}
 s - a scroll of random uselessness {unknown}
 u - 2 scrolls of teleportation {unknown}
 v - a scroll of noise {unknown}
Potions
 d - a potion of mutation {unknown}
 e - 5 potions of curing
 n - a potion of degeneration {unknown}
 r - a potion of heal wounds {unknown}
 t - a potion of magic {unknown}
 w - a potion of poison {unknown}
Comestibles
 c - 2 bread rations
 q - 2 fruits
 x - a meat ration


   Skills:
 - Level 3.6(3.4) Fighting
 + Level 8.3(8.0) Axes
 - Level 2.1(1.9) Armour
 - Level 1.5(1.3) Dodging


You had 4 spell levels left.
You didn't know any spells.

Dungeon Overview and Level Annotations

Branches:
Dungeon (3/15)

Altars:
Xom

Annotations:
D:3 Crazy Yiuf


Message History

You are cast into the Abyss!
To return, you must find a gate leading back.
Welcome to the Abyss!
Unknown command.
Found 24 gold pieces.
You feel yourself speed up.
Found a meat ration and a scroll labeled ADEUNO CIPPUOF.
You feel sick.
You are no longer poisoned.
x - a meat ration
There are no items here.
You feel less exhausted.
j - 2 scrolls labeled ADEUNO CIPPUOF (gained 1)
There are no items here.
Found a runed garnet ring.
A wretched star comes into view.
Found a fuming ruby potion.
The wretched star glows turbulently.
The orb of energy hits you!
You die...

#.. #.# ## #.## ### ##
#.. ... #. #.#
###.####
#.###.####.......
######................
.....=.@.........#
.......*#######..#
.....#..+ #..
........# #..## ###
>........ #. .. ...
.#....... #.## ## #
#.#..... #..... ...
#!#.....#.......##
#### ......... ..


You could see a wretched star.

Vanquished Creatures
  Jessica (D:3)
  Natasha (thrice) (D:2)
  2 gnolls (D:3)
  3 adders (D:2)
  4 river rats (D:3)
  2 worms (D:2)
  An orc (D:3)
  A ball python (D:2)
  5 bats
  3 giant cockroaches
  6 hobgoblins
  9 kobolds
  3 giant newts
  5 goblins (D:1)
  9 rats
57 creatures vanquished.

Vanquished Creatures (others)
  2 plants (D:3)
2 creatures vanquished.

Grand Total: 59 creatures vanquished

Notes
Turn   | Place    | Note
--------------------------------------------------------------
     0 | D:1      | spinkules the Hill Orc Berserker began the quest for the Orb.
     0 | D:1      | Reached XP level 1. HP: 19/19 MP: 1/1
   123 | D:1      | Reached XP level 2. HP: 26/26 MP: 2/2
   153 | D:1      | Reached skill level 5 in Axes
   827 | D:1      | Reached XP level 3. HP: 29/31 MP: 3/3
  1102 | D:2      | Noticed Natasha
  1109 | D:2      | Killed Natasha
  1109 | D:2      | Reached skill level 6 in Axes
  1109 | D:2      | Reached XP level 4. HP: 31/39 MP: 4/4
  1133 | D:2      | Acquired Trog's second power
  1433 | D:2      | Reached skill level 7 in Axes
  1764 | D:2      | Noticed Natasha
  1776 | D:2      | Killed Natasha
  2052 | D:2      | Noticed Natasha
  2067 | D:2      | Killed Natasha
  2114 | D:3      | Noticed Jessica
  2123 | D:3      | Killed Jessica
  2123 | D:3      | Reached XP level 5. HP: 35/45 MP: 5/5
  2430 | D:3      | Reached skill level 8 in Axes
  2641 | D:3      | Found a shimmering altar of Xom.
  2757 | D:3      | Noticed Crazy Yiuf
  2767 | D:3      | Cast into the Abyss (Crazy Yiuf)
  2802 | Abyss:1  | Noticed a wretched star
  2803 | Abyss:1  | Killed from afar by a wretched star

Vault maps used:
D:1:      minmay_arrival_up_and_down
D:2:      uniq_natasha
D:3:      wad_woods_stonehenge, kennysheep_cluttered_room, tso_metal_star,
          uniq_crazy_yiuf_cottage, uniq_jessica

Action                   |  1- 3 |  4- 6 || total
-------------------------+-------+-------++-------
Melee: Hand axe          |    82 |   168 ||   250
Invok: Berserk           |       |     4 ||     4
 Stab: Sleeping          |     1 |       ||     1
  Eat: Chunk             |     4 |    11 ||    15
